 Dungeon Crawl Stone Soup version 0.23-a0-650-ga4d50d4 (webtiles) character file.

13493 zishaf the Grappler (level 11, -3/109 HPs)
             Began as a Troll Hunter on Jan 4, 2019.
             Was an Elder of the Shining One.
             Slain by a seven-headed hydra (6 damage)
             ... on level 1 of the Lair of Beasts.
             The game lasted 00:24:53 (10018 turns).

zishaf the Grappler (Troll Hunter)                 Turns: 10018, Time: 00:24:54

Health: -3/109     AC: 10    Str: 22    XL:     11   Next: 76%
Magic:  12/12      EV: 12    Int: 12    God:    the Shining One [****..]
Gold:   767        SH: 10    Dex: 13    Spells: 10/10 levels left

rFire    . . .     SeeInvis .     - Unarmed
rCold    + . .     Gourm    +   L - +0 shield
rNeg     + + .     Faith    .   E - +2 troll leather armour of the End {+Blink Regen+ Int+5}
rPois    .         Spirit   .   (helmet restricted)
rElec    .         Reflect  .   B - +0 cloak
rCorr    .         Harm     .   (gloves unavailable)
MR       .....                  (boots unavailable)
Stlth    +.........             o - amulet of rage
HPRegen  1.08/turn              q - ring of protection from cold
MPRegen  0.13/turn              (no ring)

@: glowing
A: large, unfitting armour, claws 3, fast metabolism 3, gourmand, regeneration
1, shaggy fur 1, tough skin 2
a: Divine Shield, Cleansing Flame, Renounce Religion, Evoke Blink, Evoke Berserk
Rage


You were on level 1 of the Lair of Beasts.
You worshipped the Shining One.
The Shining One was greatly pleased with you.
You were very full.

You visited 2 branches of the dungeon, and saw 12 of its levels.
You also visited: Ossuary.

You collected 767 gold pieces.

Inventory:

Hand Weapons
 a - a +1 blowgun
 z - the +6 dagger "Eciuratu" {venom, rElec MR+ Str-3}
   (You took it off a kobold on level 3 of the Dungeon)

   It poisons the flesh of those it strikes.
   It affects your strength (-3).
   It insulates you from electricity.
   It affects your resistance to hostile enchantments.
Missiles
 c - 2 large rocks (quivered)
 d - 2 throwing nets
 y - 63 poisoned needles
 W - 4 curare-tipped needles
 X - 14 tomahawks
Armour
 b - a +2 robe of magic resistance
 B - a +0 cloak (worn)
 E - the +2 troll leather armour of the End (worn) {+Blink Regen+ Int+5}
   (You found it on level 5 of the Dungeon)

   It affects your intelligence (+5).
   It lets you blink.
   It increases your rate of regeneration.
 L - a +0 shield (worn)
Jewellery
 o - an amulet of rage (around neck)
 q - a ring of protection from cold (left claw)
Wands
 e - a wand of clouds (6)
 x - a wand of flame (17)
 C - a wand of enslavement (4)
 G - a wand of random effects (12)
 I - a wand of iceblast (7)
 K - a wand of digging (6)
 Q - a wand of paralysis (9)
 Y - a wand of polymorph (7)
 Z - a wand of acid (2)
Scrolls
 j - 2 scrolls of fear {unknown}
 n - a scroll of blinking {unknown}
 p - 7 scrolls of remove curse
 r - 7 scrolls of teleportation
 s - 3 scrolls of noise {unknown}
 u - 2 scrolls of enchant weapon
 v - 4 scrolls of immolation
 J - 6 scrolls of random uselessness {unknown}
 O - a scroll of amnesia {unknown}
 P - a scroll of vulnerability {unknown}
 R - a scroll of enchant armour {unknown}
 S - 2 scrolls of brand weapon {unknown}
 T - a scroll of fog {unknown}
Potions
 g - 5 potions of curing
 h - 2 potions of magic
 k - a potion of heal wounds
 l - 5 potions of agility
 m - 4 potions of lignification
 t - a potion of might
 w - 4 potions of brilliance
 A - 5 potions of flight
 D - a potion of resistance
 F - a potion of ambrosia
 H - a potion of cancellation {unknown}
 M - a potion of mutation
 N - a potion of berserk rage {unknown}
 U - a potion of haste {unknown}
Comestibles
 f - 23 rations


   Skills:
 + Level 7.5 Fighting
 - Level 5.0 Throwing
 - Level 7.0 Dodging
 - Level 0.3 Stealth
 + Level 5.3 Shields
 * Level 11.5 Unarmed Combat
 + Level 3.2 Invocations
 - Level 3.0 Evocations


You had 10 spell levels left.
You didn't know any spells.
Your spell library contained the following spells:

 Spells                   Type           Power        Failure   Level  Hunger
 Animate Skeleton         Necr           N/A          63%         1    ##.....
 Apportation              Tloc           #.....       63%         1    ##.....
 Confusing Touch          Hex            #.....       63%         1    ##.....
 Magic Dart               Conj           #...         63%         1    ##.....
 Pain                     Necr           #...         63%         1    ##.....
 Summon Small Mammal      Summ           #...         63%         1    ##.....
 Blink                    Tloc           N/A          77%         2    ###....
 Call Imp                 Summ           #.......     77%         2    ###....
 Slow                     Hex            #.......     77%         2    ###....
 Call Canine Familiar     Summ           #.......     94%         3    ####...
 Conjure Flame            Conj/Fire      #.......     94%         3    ####...
 Mephitic Cloud           Conj/Pois/Air  #.......     94%         3    ####...
 Regeneration             Chrm/Necr      #.........   94%         3    ####...
 Summon Guardian Golem    Hex/Summ       #.......     94%         3    ####...
 Vampiric Draining        Necr           #.........   94%         3    ####...
 Animate Dead             Necr           N/A          100%        4    #####..
 Summon Ice Beast         Ice/Summ       #.......     100%        4    #####..
 Summon Lightning Spire   Summ/Air       #.......     100%        4    #####..
 Bolt of Magma            Conj/Fire/Erth #.........   100%        5    ######.
 Iskenderun's Battlesphe  Conj/Chrm      #.......     100%        5    ######.
 Venom Bolt               Conj/Pois      #.........   100%        5    ######.
 Iron Shot                Conj/Erth      #.........   100%        6    #######
 Orb of Destruction       Conj           #.........   100%        7    #######
 Spellforged Servitor     Conj/Summ      #.........   100%        7    #######


Dungeon Overview and Level Annotations

Branches:
Dungeon (11/15)            Temple (0/1) D:4            Lair (1/6) D:9
    Orc (0/2) D:11

Altars:
Cheibriados
Dithmenos
Elyvilon
Fedhas
Hepliaklqana
Kikubaaqudgha
Makhleb
Okawaru
Qazlal
Sif Muna
Trog
Yredelemnul
The Shining One
Beogh

Shops:
D:7 *


Innate Abilities, Weirdness & Mutations

You are too large for most types of armour.
You have claws for hands.
Your metabolism is lightning-fast.
You like to eat raw meat.
Your natural rate of healing is unusually fast.
You are covered in fur. (AC +1)
You have very tough skin. (AC +2)


Message History

Aim: a seven-headed hydra (severely wounded, haloed)
You throw a large rock.
The large rock hits the seven-headed hydra!
The seven-headed hydra is almost dead.
The seven-headed hydra bites you!
* * * LOW HITPOINT WARNING * * *
The seven-headed hydra bites you.
* * * LOW HITPOINT WARNING * * *
The seven-headed hydra bites you!
* * * LOW HITPOINT WARNING * * *
The seven-headed hydra barely misses you.
The seven-headed hydra bites you but does no damage.
The seven-headed hydra bites you.
* * * LOW HITPOINT WARNING * * *
You block the seven-headed hydra's attack. x2
The seven-headed hydra barely misses you.
You block the seven-headed hydra's attack.
The seven-headed hydra bites you but does no damage.
The seven-headed hydra bites you.
You die...

#.....รท# #....................
##.....# ####........###......
#.###.### ##.####### #...... #
#..P## ##P.# ###P... #....#
#...# ##... ##).## ##.###
#####.
##.##.'######P'#P#########.#P#.
#.........#.P......##P#........
#......(.('(.D@....'....##..###
#.........#.+......##########
#.........###......#
#P.......... #......#
#####.########......## ##
#........# ##......P# #.#P#####
#####


You could see a seven-headed hydra.

Vanquished Creatures
  A two-headed ogre (D:9)
  Maurice (D:8)
  An elephant (D:9)
  A centaur skeleton (D:11)
  A komodo dragon (Lair:1)
  A spiny frog (Lair:1)
  A troll (D:11)
  Prince Ribbit (D:6)
  4 hippogriffs
  A spriggan (D:8)
  A wyvern (D:8)
  A basilisk (Lair:1)
  A wraith (D:10)
  13 yaks
  Menkaure (D:6)
  Edmund (D:5)
  5 porcupines (Lair:1)
  5 orc warriors
  5 phantoms
  5 black bears
  4 sky beasts
  The ghost of Skryme the Skirmisher, an amateur GnWn (D:3)
  2 ice beasts
  An eye of draining (D:9)
  4 ogres
  17 centaurs
  2 crocodiles (D:9)
  2 big kobolds
  11 bullfrogs
  Blork the orc (D:5)
  3 scorpions
  A wyvern skeleton (D:8)
  4 killer bees (D:8)
  3 wights (D:10)
  A howler monkey (D:9)
  2 crimson imps
  2 centaur zombies (Ossuary)
  A human zombie (Ossuary)
  Crazy Yiuf (D:3)
  A bullfrog zombie (D:5)
  7 hounds
  3 jellies
  7 orc priests
  6 orc wizards
  4 bullfrog skeletons
  Jessica (D:3)
  6 worker ants
  2 iguanas
  A big kobold zombie (Ossuary)
  2 hound skeletons
  5 mummies (Ossuary)
  A worker ant zombie (D:9)
  4 gnolls
  7 adders
  A shadow imp (D:10)
  An adder skeleton (D:9)
  An adder zombie (D:8)
  6 worms
  2 dart slugs
  2 leopard geckos
  52 orcs
  6 giant cockroaches
  10 hobgoblins
  12 jackals
  6 quokkas
  3 ball pythons
  7 bats
  6 frilled lizards
  5 goblins
  3 hobgoblin zombies (Ossuary)
  A jackal zombie (D:7)
  26 kobolds
  An orc zombie (Ossuary)
  A quokka skeleton (D:6)
  5 rats
328 creatures vanquished.

Notes
Turn   | Place    | Note
-------+----------+-------------------------------------------
     0 | D:1      | zishaf the Troll Hunter began the quest for the Orb.
     0 | D:1      | Reached XP level 1. HP: 19/19 MP: 0/0
   162 | D:1      | Reached skill level 1 in Unarmed Combat
   162 | D:1      | Reached XP level 2. HP: 28/28 MP: 1/1
   417 | D:1      | Reached XP level 3. HP: 34/35 MP: 2/2
   657 | D:1      | Reached skill level 2 in Unarmed Combat
   943 | D:2      | Reached XP level 4. HP: 42/42 MP: 3/3
  1283 | D:2      | You fall through a shaft for 2 floors!
  1309 | D:4      | Noticed a phantom
  1353 | D:4      | Killed a phantom
  1353 | D:4      | Reached skill level 3 in Unarmed Combat
  1353 | D:4      | Reached skill level 1 in Evocations
  1353 | D:4      | Reached XP level 5. HP: 32/50 MP: 4/4
  1732 | D:3      | Noticed Jessica
  1744 | D:3      | Killed Jessica
  1794 | D:3      | Found a glowing golden altar of the Shining One.
  1797 | D:3      | Became a worshipper of the Shining One
  1916 | D:3      | Reached XP level 6. HP: 49/59 MP: 5/5
  2023 | D:3      | Found a runed gate.
  2024 | D:3      | Found a runed gate.
  2024 | D:3      | Found a runed gate.
  2028 | D:3      | Noticed Skryme's ghost (amateur GnWn)
  2028 | D:3      | Identified the +6 dagger "Eciuratu" {venom, rElec MR+
                  | Str-3}
  2213 | D:3      | Found a runed door.
  2440 | D:3      | Killed Skryme's ghost
  2440 | D:3      | Reached skill level 4 in Unarmed Combat
  2571 | D:3      | Noticed Crazy Yiuf
  2585 | D:3      | Killed Crazy Yiuf
  2592 | D:3      | HP: 3/61 [poisoned by Crazy Yiuf]
  2598 | D:3      | HP: 2/61 [poisoned by Crazy Yiuf]
  2604 | D:3      | HP: 2/61 [poisoned by Crazy Yiuf]
  2609 | D:3      | HP: 3/61 [poisoned by Crazy Yiuf]
  2847 | D:4      | Found a staircase to the Ecumenical Temple.
  3106 | D:4      | Reached XP level 7. HP: 56/67 MP: 7/7
  3287 | D:5      | Entered Level 5 of the Dungeon
  3394 | D:5      | Reached skill level 5 in Unarmed Combat
  3495 | D:5      | Found a bloodstained altar of Trog.
  3657 | D:5      | Noticed Blork the orc
  3660 | D:5      | Killed Blork the orc
  3726 | D:5      | Found a snail-covered altar of Cheibriados.
  3726 | D:5      | Found a burning altar of Makhleb.
  3726 | D:5      | Found a basalt altar of Yredelemnul.
  3726 | D:5      | Found an iron altar of Okawaru.
  3779 | D:5      | Got a distressingly furry troll leather armour
  3791 | D:5      | Identified the +2 troll leather armour of the End {+Blink
                  | Regen+ Int+5} (You found it on level 5 of the Dungeon)
  3933 | D:5      | Found a blossoming altar of Fedhas.
  4050 | D:5      | Reached XP level 8. HP: 66/78 MP: 7/9
  4071 | D:5      | Reached skill level 6 in Unarmed Combat
  4095 | D:5      | Found a hazy altar of Hepliaklqana.
  4097 | D:5      | Noticed Edmund
  4108 | D:5      | Killed Edmund
  4429 | D:6      | Noticed Prince Ribbit
  4474 | D:6      | Reached * piety under the Shining One
  4509 | D:6      | Noticed Menkaure
  4575 | D:6      | Killed Prince Ribbit
  4575 | D:6      | Reached skill level 7 in Unarmed Combat
  4820 | D:6      | Killed Menkaure
  5034 | D:7      | Found an ancient bone altar of Kikubaaqudgha.
  5101 | D:7      | Reached XP level 9. HP: 85/85 MP: 10/10
  5121 | D:7      | Found Biph's Assorted Antiques.
  5146 | D:7      | Found a deep blue altar of Sif Muna.
  5188 | D:7      | Reached skill level 8 in Unarmed Combat
  5256 | D:7      | Reached skill level 5 in Fighting
  5256 | D:7      | Reached skill level 5 in Dodging
  5593 | D:8      | Reached skill level 1 in Shields
  5607 | D:8      | Found a sand-covered staircase.
  5611 | Ossuary  | Entered an ossuary
  5662 | Ossuary  | Reached ** piety under the Shining One
  5971 | D:8      | Reached skill level 9 in Unarmed Combat
  6203 | D:8      | Noticed Maurice
  6215 | D:8      | Killed Maurice
  6215 | D:8      | Reached XP level 10. HP: 97/98 MP: 11/11
  6290 | D:8      | Reached *** piety under the Shining One
  6798 | D:8      | Reached skill level 10 in Unarmed Combat
  6998 | D:9      | Found a stormy altar of Qazlal.
  7001 | D:9      | Found a white marble altar of Elyvilon.
  7004 | D:9      | Found a shadowy altar of Dithmenos.
  7071 | D:9      | Found a staircase to the Lair.
  7071 | D:9      | Noticed an elephant
  7222 | D:9      | Got a twisted chain mail
  7510 | D:9      | Killed an elephant
  7553 | D:10     | Entered Level 10 of the Dungeon
  7751 | D:10     | Noticed a two-headed ogre
  7777 | D:9      | Killed a two-headed ogre
  7856 | D:10     | Reached XP level 11. HP: 100/107 MP: 12/12
  8095 | D:10     | Reached **** piety under the Shining One
  8619 | D:11     | Reached skill level 1 in Invocations
  8664 | D:11     | Found a staircase to the Orcish Mines.
  8726 | D:11     | Found a roughly hewn altar of Beogh.
  8779 | D:11     | Found a shadowy altar of Dithmenos.
  8840 | D:11     | Reached skill level 11 in Unarmed Combat
  8955 | D:11     | Reached skill level 5 in Throwing
  9205 | Lair:1   | Entered Level 1 of the Lair of Beasts
  9276 | Lair:1   | Reached skill level 5 in Shields
  9719 | Lair:1   | Noticed a six-headed hydra
 10018 | Lair:1   | HP: 3/109 [seven-headed hydra (4)]
 10018 | Lair:1   | Slain by a seven-headed hydra

Vault maps used:
D:1:      minmay_arrival_plants_in_alcoves, hex_intersection
D:2:      minmay_inner_zag
D:3:      tso_oasis_becter, gammafunk_ghost_nasty_kobolds, uniq_jessica,
          uniq_crazy_yiuf_cottage
D:4:      minmay_temple_entry_proselytizer, first_ration
D:5:      minitemple, kennysheep_mini, old_standard_altar, uniq_edmund,
          uniq_blork_the_orc
D:6:      uniq_prince_ribbit1, uniq_menkaure
D:7:      kiku_gazebo_pond_becter, nicolae_overflow_hidden_temple, serial_shops,
          nicolae_shop_stone
D:8:      special_room, nicolae_ossuary_entry_false_entrances, the_bakery,
          nicolae_wwwww, uniq_maurice
D:9:      grunt_temple_overflow_diamond, david_lair_generic
D:11:     minmay_orc_entry_temple_small,
          nicolae_dithmenos_through_a_glass_darkly
Lair:1:   beast_lair_carwin_2, grunt_megastairs_3, lemuel_fruit_fields
Ossuary:  ossuary_crypta

Skill      XL: |  1  2  3  4  5  6  7  8  9 10 11 |
---------------+----------------------------------+-----
Unarmed Combat | 1 2 3 4 5 7 9 10 11 | 11.5
Dodging        | 2 3 4 5 6 7 |  7.0
Fighting       | 2 3 4 5 6 7 |  7.5
Evocations     | 1 2 3 |  3.0
Shields        | 2 4 5 |  5.3
Throwing       | 4 5 |  5.0
Invocations    | 3 |  3.2
Stealth        | |  0.3

Action                   |  1- 3 |  4- 6 |  7- 9 | 10-12 || total
-------------------------+-------+-------+-------+-------++-------
Melee: Unarmed           |    80 |   178 |   338 |   326 ||   922
       Punch             |       |     2 |     3 |       ||     5
       Dagger            |       |     1 |       |       ||     1
 Fire: Blowgun           |       |     1 |     3 |       ||     4
Throw: Large rock        |     1 |     5 |     4 |    14 ||    24
       Tomahawk          |     5 |    26 |    41 |   101 ||   173
Invok: Divine Shield     |       |       |       |     1 ||     1
 Abil: Evoke Berserk Rag |       |     1 |     1 |       ||     2
  Use: Scroll            |       |       |    14 |     4 ||    18
       Potion            |       |       |       |     1 ||     1
  Eat: Chunk             |    14 |    21 |    30 |    34 ||    99
Armor: Robe              |    24 |    35 |    12 |       ||    71
       Troll leather arm |       |       |    87 |    89 ||   176
Dodge: Dodged            |    42 |    60 |   139 |   130 ||   371
Block: Shield            |       |       |    49 |   166 ||   215

Table legend:
 A = Non-vault XP
 B = Vault XP
 C = Vault XP percentage of total XP
 D = Non-vault monster count
 E = Vault monster count
 F = Vault count percentage of total count
                 A         B        C        D         E       F
            +---------+---------+-------+---------+---------+-------
      Total |   14989 |    4288 |  22.2 |     250 |      78 |  23.8
            +---------+---------+-------+---------+---------+-------
        D:1 |      58 |       0 |   0.0 |      27 |       0 |   0.0
        D:2 |      67 |      20 |  23.0 |      21 |       5 |  19.2
        D:3 |      99 |     219 |  68.9 |      21 |      11 |  34.4
        D:4 |     347 |      41 |  10.6 |       7 |       1 |  12.5
        D:5 |     881 |     251 |  22.2 |      22 |       2 |   8.3
        D:6 |     214 |     423 |  66.4 |       8 |       2 |  20.0
        D:7 |    1058 |     278 |  20.8 |      23 |       6 |  20.7
        D:8 |    1824 |    1048 |  36.5 |      30 |      22 |  42.3
        D:9 |    1919 |     707 |  26.9 |      14 |       3 |  17.6
       D:10 |    2661 |       0 |   0.0 |      36 |       0 |   0.0
       D:11 |    2856 |     233 |   7.5 |      25 |       9 |  26.5
     Lair:1 |    3005 |     808 |  21.2 |      16 |       4 |  20.0
    Ossuary |       0 |     260 | 100.0 |       0 |      13 | 100.0
            +---------+---------+-------+---------+---------+-------
